Map: Acid Plant LE

Players

LiquidTLO (TLO) - Winner!

  • Race: Zerg Zerg
  • Spawn Location: 5:00

PiLiPiLi

  • Race: Protoss Protoss
  • Spawn Location: 11:00

Event: WCS Austin 2018

VOD

Have the link to the VOD?

Description

Time

  • Played on: June 1, 2018, 2:49 p.m.
  • Length: 7:59

All games in this series

Show
View Real Time Build Order
Export as new Build Order

LiquidTLO Zerg - Winner!

Build Orders: Hatch First 

Get SALT Encoding   

  12  0:00  Drone  
  13  0:07  Drone  
  14  0:16  Overlord  
  14  0:34  Drone  
  14  0:35  Drone  
  16  0:46  Hatchery  
  15  0:51  Drone  
  15  0:54  Drone  
  17  0:58  Drone  
  18  1:04  Extractor  
  17  1:13  Spawning Pool  
  17  1:16  Drone  
  17  1:20  Drone  
  18  1:29  Drone  
  19  1:40  Drone  
  20  1:50  Drone  
  21  2:00  Overlord  
  21  2:01  Queen x2, Zergling x2  
  22  2:06  Metabolic Boost  
  26  2:09  Drone  
  26  2:13  Drone  
  28  2:20  Drone  
  28  2:22  Drone  
  30  2:33  Hatchery  
  30  2:35  Drone  
  30  2:42  Queen  
  32  2:48  Overlord  
  32  2:50  Drone  
  34  2:51  Drone  
  34  2:54  Drone  
  34  2:56  Drone  
  36  3:05  Overlord  
  36  3:06  Drone  
  36  3:08  Drone x3  
  40  3:13  Drone  
  40  3:17  Drone  
  42  3:22  Queen  
  42  3:25  Drone  
  45  3:28  Drone  
  45  3:33  Extractor  
  45  3:37  Drone  
  45  3:38  Drone  
  47  3:42  Overlord  
  47  3:44  Drone x2, Extractor  
  47  3:45  Drone  
  47  3:46  Drone  
  47  3:47  Queen  
  52  3:51  Drone  
  52  3:53  Drone  
  54  3:57  Lair  
  54  3:59  Roach Warren  
  54  4:00  Overlord  
  54  4:02  Drone  
  54  4:07  Drone x2  
  54  4:08  Drone  
  54  4:09  Drone  
  58  4:12  Drone  
  58  4:13  Drone  
  58  4:14  Drone  
  58  4:16  Drone  
  62  4:17  Drone  
  63  4:25  Spore Crawler  
  63  4:27  Spore Crawler  
  63  4:28  Spore Crawler, Drone  
  63  4:30  Drone  
  62  4:36  Zergling x2  
  63  4:40  Roach  
  63  4:41  Overlord  
  63  4:42  Overlord  
  63  4:45  Roach x3  
  71  4:46  Roach  
  73  4:53  Overlord  
  73  4:58  Glial Reconstitution  
  73  5:00  Roach  
  73  5:01  Roach  
  73  5:03  Roach x3  
  73  5:04  Roach  
  73  5:06  Roach  
  87  5:08  Roach  
  87  5:13  Roach  
  92  5:14  Roach x2  
  92  5:15  Overseer  
  92  5:16  Roach  
  92  5:17  Overseer  
  92  5:20  Drone  
  97  5:25  Overlord  
  97  5:26  Overlord  
  97  5:27  Overlord  
  97  5:29  Overlord  
  97  5:34  Overlord  
  97  5:35  Evolution Chamber  
  96  5:39  Overlord, Drone  
  96  5:40  Drone, Extractor x2  
  96  5:44  Drone x3  
  96  5:48  Drone, Ravager x2  
  96  5:49  Ravager  
  103  5:51  Drone x2  
  103  5:54  Roach  
  103  5:55  Roach  
  111  5:57  Roach  
  111  6:00  Drone  
  111  6:01  Roach, Drone  
  115  6:04  Roach  
  115  6:08  Roach  
  121  6:11  Roach  
  121  6:14  Overlord  
  121  6:18  Roach  
  123  6:21  Roach  
  123  6:22  Roach x2  
  123  6:23  Roach  
  123  6:25  Overlord  
  131  6:28  Roach  
  131  6:30  Zergling x4  
  135  6:33  Roach  
  135  6:36  Roach  
  135  6:38  Roach  
  138  6:41  Roach  
  138  6:43  Roach, Zergling x2  
  142  6:47  Ravager x2  
  142  6:48  Zergling x4  
  142  6:50  Zergling x2  
  146  6:55  Roach, Drone  
  146  6:56  Roach  
  146  6:57  Roach  
  153  7:04  Overlord x3  
  153  7:05  Ravager  
  154  7:10  Overlord  
  154  7:12  Overlord  
  154  7:21  Queen x2  
  157  7:29  Roach  
  149  7:31  Roach  
  149  7:32  Roach  
  149  7:33  Roach  
  129  7:37  Roach  
  129  7:38  Roach  
  123  7:45  Drone  
Show
View Real Time Build Order
Export as new Build Order

PiLiPiLi Protoss 

Build Orders: Nexus First, Zealot Archon, Archon Drop, Dark Templar Rush 

Get SALT Encoding   

  12  0:01  Probe  
  13  0:13  Probe  
  14  0:21  Pylon  
  14  0:26  Probe  
  15  0:36  Probe  
  16  0:44  Probe  
  17  0:53  Probe  
  18  1:03  Nexus  
  18  1:13  Gateway  
  18  1:15  Probe  
  19  1:21  Assimilator  
  19  1:27  Probe  
  19  1:28  Assimilator  
  20  1:39  Probe  
  21  1:44  Gateway  
  21  1:47  Probe  
  22  1:55  Probe  
  23  2:10  Cybernetics Core  
  23  2:14  Probe  
  23  2:15  Zealot  
  26  2:16  Probe  
  27  2:27  Probe  
  27  2:28  Probe  
  29  2:36  Warp Gate  
  29  2:39  Probe  
  29  2:40  Probe  
  29  2:41  Pylon  
  31  2:49  Probe  
  31  2:50  Probe  
  32  2:51  Stalker  
  32  2:52  Twilight Council  
  32  2:57  Probe  
  35  2:58  Probe  
  37  3:08  Probe  
  37  3:09  Probe  
  39  3:16  Pylon  
  39  3:20  Probe  
  39  3:21  Probe  
  41  3:28  Dark Shrine  
  41  3:30  Robotics Facility  
  41  3:32  Probe  
  41  3:33  Probe  
  43  3:41  Gateway x2  
  43  3:44  Probe  
  43  3:47  Probe  
  45  3:48  Assimilator  
  45  3:53  Assimilator  
  45  3:56  Pylon, Probe  
  45  4:02  Probe  
  47  4:06  Warp Prism  
  48  4:10  Probe  
  48  4:15  Pylon  
  48  4:21  Pylon  
  48  4:23  Pylon  
  50  4:36  Immortal, Probe  
  51  4:40  Dark Templar  
  51  4:41  Dark Templar x3  
  59  4:51  Pylon  
  63  4:57  Resonating Glaives  
  62  5:00  Gateway x2  
  62  5:03  Pylon  
  62  5:05  Immortal  
  62  5:21  Gateway  
  66  5:23  Gateway  
  66  5:24  Archon  
  66  5:28  Zealot x2  
  68  5:29  Zealot  
  68  5:32  Pylon  
  68  5:34  Immortal  
  72  5:37  Archon  
  72  5:42  Pylon  
  76  5:50  Sentry x3  
  76  5:51  Sentry  
  84  5:57  Pylon  
  84  6:17  Adept x3  
  84  6:18  Adept  
  92  6:29  Adept  
  92  6:30  Adept x3  
  100  6:44  Stalker  
  100  6:45  Stalker x3  
  108  6:49  Adept  
  108  6:50  Adept x3  
  116  7:04  Adept x2  
  118  7:17  Pylon  
  118  7:19  Pylon  
  116  7:26  Adept  
  116  7:27  Adept x5  
  116  7:31  Adept  
  116  7:32  Adept  
  80  7:48  Adept x5  
Tags
 
Add a new tag
Caveats
  • Supply blocks, unpowered buildings, or Contaminate may cause inaccurate times.
  • Supply counts are checked every 10 seconds.